 Dungeon Crawl Stone Soup version 0.28.0-43-g3370ac3207 (webtiles) character file.

Game seed: 13376401156817407325

154 crimpus the Skirmisher (level 5, -6/57 HPs)
             Began as an Ogre Berserker on Mar 15, 2022.
             Was a Believer of Trog.
             Mangled by Sigmund
             ... wielding a +0 scythe
              (7 damage)
             ... on level 2 of the Dungeon.
             The game lasted 00:02:16 (1736 turns).

crimpus the Skirmisher (Ogre Berserker)             Turns: 1736, Time: 00:02:17

Health: -6/57      AC:  4    Str: 23    XL:     5   Next: 36%
Magic:  5/5        EV: 10    Int:  8    God:    Trog [**....]
Gold:   53         SH:  0    Dex:  8    Spells: 4/4 levels left

rFire   . . .      SeeInvis .   c - +1 mace (protect)
rCold   . . .      Faith    .   (no shield)
rNeg    . . .      Spirit   .   b - +0 animal skin
rPois   .          Reflect  .   (helmet restricted)
rElec   .          Harm     .   e - +0 cloak
rCorr   .          Rampage  .   (gloves unavailable)
Will    .....                   (boots unavailable)
Stlth   +.........              (no amulet)
HPRegen 0.19/turn               (no ring)
MPRegen 0.09/turn               (no ring)

@: on berserk cooldown, slowed, very slow
A: large, unfitting armour, tough skin 1
a: Renounce Religion, Berserk, Trog's Hand


You were on level 2 of the Dungeon.
You worshipped Trog.
Trog was pleased with you.
You visited 1 branch of the dungeon, and saw 2 of its levels.

You collected 53 gold pieces.

Inventory:

Hand Weapons
 a - a +0 mace
 c - a +1 mace of protection (weapon)
Armour
 b - a +0 animal skin (worn)
 e - a +0 cloak (worn)
Wands
 g - a wand of flame (22)
Scrolls
 d - a scroll of noise
 f - a scroll of identify (quivered)


   Skills:
 * Level 5.1 Fighting
 * Level 4.2 Maces & Flails
 + Level 3.5 Dodging


You had 4 spell levels left.
You didn't know any spells.
Your spell library was empty.

Dungeon Overview and Level Annotations

Branches:
Dungeon (2/15)

Altars:

Annotations:
D:2 Sigmund


Innate Abilities, Weirdness & Mutations

You are too large for most types of armour.
You have tough skin. (AC +1)


Message History

You see here a grey potion.
The bat hits you. The bat hits you but does no damage.
The bat hits you but does no damage.
The bat closely misses you. x2; Something hits you!
You barely miss the bat. The bat hits you but does no damage. x2
Something hits you.
You hit the bat.
Your weapon exudes an aura of protection.
You kill the bat!
Trog accepts your kill. Something hits you but does no damage.
Your skin crawls.
You feel strong-willed. Something hits you. Something hits you.
You closely miss something. Something hits you but does no damage.
You hit something.
Your weapon exudes an aura of protection.
Something hits you.
You sock something! Something hits you but does no damage.
You barely miss something.
You feel the effects of Trog's Hand fading.
Something hits you but does no damage. Something hits you!
As you read the scroll labelled QIUVIUDOTA, it crumbles to dust.
It is a scroll of identify.
d - a scroll of noise Something hits you!
* * * LOW HITPOINT WARNING * * *
You closely miss something.
You hear some strange, mumbled words.
A puff of flame appears from out of thin air!
The puff of flame hits you!
* * * LOW HITPOINT WARNING * * *
You miss something.
Your skin stops crawling.
You feel less strong-willed. Something hits you!
* * * LOW HITPOINT WARNING * * *
Okay, then.
You barely miss something. Something hits you!
You die...

#.#.........##.....# ...# .
######.).†.......# #....#
########.......##.....#
#.....................'
#....###....#####.....#
#.###.##.# #....#####.....#
.....#.# #........†#
###..#.###..[..†...######
#.>..!{@................
.....#.#.##################
... #.#.# . ###.# ... ...
....# ....#


There were no monsters in sight!

Vanquished Creatures
  Natasha (thrice) (D:2)
  A gnoll (D:1)
  3 adders (D:2)
  2 dart slugs
  5 bats
  4 endoplasms
  2 goblins (D:2)
  6 hobgoblins
  3 jackals (D:1)
  2 quokkas (D:1)
  2 ball pythons
  2 frilled lizards (D:2)
  2 kobolds (D:1)
  3 rats
40 creatures vanquished.

Notes
Turn   | Place    | Note
-------+----------+-------------------------------------------
     0 | D:1      | crimpus the Ogre Berserker began the quest for the Orb.
     0 | D:1      | Reached XP level 1. HP: 24/24 MP: 1/1
   249 | D:1      | Reached XP level 2. HP: 16/32 MP: 2/2
   693 | D:1      | Reached XP level 3. HP: 35/40 MP: 3/3
   890 | D:1      | Found a faded altar of an unknown god.
  1036 | D:2      | Noticed Natasha
  1048 | D:2      | Killed Natasha
  1049 | D:2      | Reached XP level 4. HP: 49/49 MP: 4/4
  1219 | D:2      | Noticed Natasha
  1224 | D:2      | Killed Natasha
  1225 | D:2      | Reached skill level 5 in Fighting
  1408 | D:2      | Identified the +1 ring mail of Buliddis {*Corrode rC+
                  | Dex+2}
  1478 | D:2      | Reached ** piety under Trog
  1574 | D:2      | Reached XP level 5. HP: 57/57 MP: 5/5
  1702 | D:2      | Noticed Natasha
  1709 | D:2      | Killed Natasha
  1709 | D:2      | Noticed Sigmund
  1735 | D:2      | HP: 1/57 [something (10)]
  1736 | D:2      | Mangled by Sigmund

Illustrated notes

Levels and vault maps discovered:
D:1:      dpeg_arrival_orchard, layout_rooms,
          hellmonk_ecumenical_altar_leap_of_faith, serial_bayou_pond_c,
          minmay_misc_feat_chi
D:2:      layout_basic, hex_intersection, uniq_natasha, uniq_sigmund

Skill      XL: |  1  2  3  4 |
---------------+-------------+-----
Maces & Flails | 3 4 |  4.2
Dodging        | 3 |  3.5
Fighting       | 5 |  5.1

Action                   |  1- 3 |  4- 6 || total
-------------------------+-------+-------++-------
Melee: Mace              |    74 |    55 ||   129
       Punch             |     1 |       ||     1
Invok: Berserk           |     2 |     2 ||     4
       Trog's Hand       |       |     1 ||     1
  Use: Potion            |     1 |       ||     1
       Scroll            |       |     1 ||     1
Armor: Animal skin       |    46 |    35 ||    81
Dodge: Dodged            |    50 |    32 ||    82
